 Dungeon Crawl Stone Soup version 0.30-a0-613-gdd512c7efb (webtiles) character file.

Game seed: 18217506294965804746

11898 acebull12 the Spear-Bearer (level 11, 0/83 HPs)
             Began as a Demonspawn Gladiator on Jan 8, 2023.
             Was a High Priest of Okawaru.
             Slain by a vampire (8 damage)
             ... on level 11 of the Dungeon.
             The game lasted 00:35:47 (11969 turns).

acebull12 the Spear-Bearer (Demonspawn Gladiator)  Turns: 11969, Time: 00:35:48

Health: 0/83       AC: 13    Str: 19    XL:     11   Next: 55%
Magic:  13/13      EV: 18    Int:  9    God:    Okawaru [*****.]
Gold:   465        SH:  0    Dex: 15    Spells: 10/10 levels left

rFire   . . .      SeeInvis .    z - +3 spear (venom)
rCold   . . .      Faith    .    m - +0 kite shield
rNeg    . . .      Spirit   .    X - +0 steam dragon scales
rPois   +          Reflect  +    (helmet restricted)
rElec   .          Harm     .    J - +0 cloak
rCorr   .          Rampage  .    B - +0 pair of gloves
Will    .....                    c - +0 pair of boots
Stlth   +                        u - amulet of reflection
HPRegen 0.33/turn                V - +4 ring of protection
MPRegen 0.13/turn                W - ring of poison resistance

@: confused, agile
A: antennae 1, hooves 1, powered by death 2, powered by pain 1, demonic touch 1
a: Renounce Religion, Heroism, Finesse, Duel


You were on level 11 of the Dungeon.
You worshipped Okawaru.
Okawaru was extremely pleased with you.
You visited 3 branches of the dungeon, and saw 13 of its levels.

You collected 465 gold pieces.

Inventory:

Hand Weapons
 a - a +0 trident
 z - a +3 spear of venom (weapon)
 R - a +2 scimitar of flaming
Missiles
 d - 3 throwing nets (quivered)
 e - 2 javelins
 E - 4 boomerangs of dispersal
 U - a silver boomerang
Armour
 c - a +0 pair of boots (worn)
 m - a +0 kite shield (worn)
 B - a +0 pair of gloves (worn)
 J - a +0 cloak (worn)
 X - +0 steam dragon scales (worn)
Jewellery
 n - a ring of protection from fire
 u - an amulet of reflection (around neck)
 N - an amulet of guardian spirit
 O - a ring of protection from cold
 P - a +6 ring of dexterity
 V - a +4 ring of protection (left hand)
 W - a ring of poison resistance (right hand)
Wands
 w - a wand of digging (8)
 D - a wand of polymorph (12)
 H - a wand of light (5)
 I - a wand of mindburst (14)
 M - a wand of flame (36)
Scrolls
 f - a scroll of blinking {unknown}
 g - a scroll of torment {unknown}
 h - a scroll of immolation {unknown}
 i - 2 scrolls of teleportation {unknown}
 j - 3 scrolls of vulnerability {unknown}
 k - 2 scrolls of fog {unknown}
 o - 2 scrolls of amnesia
 q - 2 scrolls of fear {unknown}
 s - 2 scrolls of identify
 y - 2 scrolls of poison {unknown}
 A - 3 scrolls of enchant weapon {unknown}
 C - 3 scrolls of enchant armour {unknown}
 Q - a scroll of noise {unknown}
 T - a scroll of acquirement {unknown}
Potions
 b - 2 potions of heal wounds
 l - 3 potions of invisibility
 p - 5 potions of curing
 r - a potion of lignification
 t - 2 potions of haste
 v - 2 potions of magic
 x - 3 potions of berserk rage
 F - 4 potions of mutation
 G - 2 potions of flight
 K - a potion of resistance
 L - a potion of brilliance
 S - a potion of might


   Skills:
 * Level 6.4 Fighting
 * Level 11.7 Polearms
 - Level 1.7 Throwing
 - Level 5.0 Armour
 + Level 5.7 Dodging
 - Level 3.0 Stealth
 - Level 8.0 Shields
 * Level 2.8 Invocations


You had 10 spell levels left.
You didn't know any spells.
Your spell library contained the following spells:

 Spells                   Type           Power      Damage    Failure   Level
 Leda's Liquefaction      Hex/Erth       0%         N/A       100%        4
 Lee's Rapid Deconstruct  Erth           0%         3d4*      100%        5
 Statue Form              Tmut/Erth      0%         N/A       100%        6
 Summon Small Mammal      Summ           Unusable   N/A       N/A         1
 Call Canine Familiar     Summ           Unusable   N/A       N/A         3
 Summon Guardian Golem    Hex/Summ       Unusable   N/A       N/A         3

Dungeon Overview and Level Annotations

Branches:
Dungeon (11/15)            Temple (1/1) D:4            Lair (1/5) D:8
    Orc (0/2) D:9

Altars:
Ashenzari
Cheibriados
Dithmenos
Gozag
Hepliaklqana
Kikubaaqudgha
Nemelex Xobeh
Okawaru
Qazlal
Ru
Sif Muna
Uskayaw
Vehumet
Wu Jian
Xom
Yredelemnul

Shops:
D:3 *   D:8 **   D:9 (

Annotations:
D:3 1 runed translucent door, Crazy Yiuf
D:8 2 runed translucent doors, Darkkill's ghost, novice MiHu
Lair:1 1 runed translucent door, Zonian's ghost, journeyman VSBr


Innate Abilities, Weirdness & Mutations

You have a pair of small antennae on your head.
You have large cloven feet.
You regenerate health from kills.
You sometimes gain a little power by taking damage.
Your touch may inflict minor irresistible damage on your foes.


Message History

The vampire hits you! You block the vampire's attack.
You hit the vampire but do no damage.
The vampire is heavily damaged.
You hit the vampire but do no damage.
The vampire is heavily damaged.
The vampire misses you. You block the vampire's attack.
You hit the vampire but do no damage.
The vampire is heavily damaged.
The vampire mumbles some strange words.
The vampire flickers and vanishes!
Deactivating autopickup; reactivate with Ctrl-A.
No target in view!
No target in view!
No target in view!
No target in view!
No target in view!
You hit something. You hit something but do no damage. Something hits you!
Something bites you.
Something draws strength from your injuries!
You hit something. You hit something. Something draws life force from you!
You hit something. You block something's attack.
Something bites you but does no damage.
You closely miss something. You hit something but do no damage.
Something draws life force from you.
You hit something. Something hits you! Something bites you but does no damage.
You hit something but do no damage. You hit something but do no damage.
You hear some strange, mumbled words.
You are confused.
Something hits you! Something bites you but does no damage. Something hits you!
* * * LOW HITPOINT WARNING * * *
Something bites you!
* * * LOW HITPOINT WARNING * * *
You focus on the pain.
You feel agile all of a sudden.
Something draws strength from your injuries!
Something hits you but does no damage. Something bites you!
You die...

...# #....# ..# #....#
..# +....# ..# #....#
..# #..#....# ..#
#..#....# ..#
+..#....##+###+### ..#
#..#...?.........#
..#####..#......@......+
......#..#.......{.....#
...(..+..#.............#
......#..'..........(..#
......#'##.............#
##.............#+##....#
#.............# ....#
#####.........# ....+
#.........# $...#


There were no monsters in sight!

Vanquished Creatures
  Erica (D:8)
  3 two-headed ogres
  2 cane toads (Lair:1)
  3 komodo dragons (Lair:1)
  A troll (D:9)
  Grinder (D:4)
  2 wyverns
  18 yaks
  Eustachio (D:4)
  2 steam dragons
  Edmund (D:4)
  6 water moccasins
  A sky beast (D:8)
  4 ice beasts
  4 black bears
  6 orc warriors
  2 ogres
  2 centaurs
  A phantom (D:4)
  A kobold brigand (D:7)
  2 gnoll sergeants
  3 bullfrogs
  2 scorpions
  4 wights
  5 killer bees (D:9)
  A howler monkey (D:9)
  A gnoll bouda (D:4)
  10 orc priests
  7 hounds
  Jessica (D:2)
  Natasha (thrice) (D:3)
  9 orc wizards
  10 gnolls
  5 adders
  2 shadow imps
  2 ufetubi
  A dart slug (D:1)
  37 orcs
  2 bats
  5 endoplasms
  4 giant cockroaches
  3 goblins
  10 hobgoblins
  5 jackals
  4 quokkas
  5 ball pythons (D:4)
  A frilled lizard (D:1)
  9 kobolds
  8 rats
223 creatures vanquished.

Vanquished Creatures (others)
  7 fungi (Lair:1)
  9 plants
16 creatures vanquished.

Grand Total: 239 creatures vanquished

Notes
Turn   | Place    | Note
-------+----------+-------------------------------------------
     0 | D:1      | acebull12 the Demonspawn Gladiator began the quest for the
                  | Orb.
     0 | D:1      | Reached XP level 1. HP: 16/16 MP: 1/1
    53 | D:1      | Found a faded altar of an unknown god.
   145 | D:1      | Gained mutation: You regenerate a little health from kills.
                  | [demonic ancestry]
   145 | D:1      | Reached XP level 2. HP: 21/22 MP: 2/2
   153 | D:1      | Reached skill level 3 in Polearms
   836 | D:2      | Reached XP level 3. HP: 27/27 MP: 3/3
   855 | D:2      | Noticed Jessica
   864 | D:2      | Killed Jessica
   865 | D:2      | Reached skill level 1 in Shields
  1437 | D:3      | Found Terchuok's Assorted Antiques.
  1611 | D:3      | Discovered your monstrous ancestry.
  1611 | D:3      | Gained mutation: You have large cloven feet. [demonic
                  | ancestry]
  1611 | D:3      | Reached XP level 4. HP: 33/33 MP: 4/4
  1680 | D:3      | Noticed Natasha
  1686 | D:3      | Killed Natasha
  1687 | D:3      | Reached skill level 4 in Polearms
  1716 | D:3      | Found a runed translucent door.
  1717 | D:3      | Noticed Crazy Yiuf
  1758 | D:3      | Found a sacrificial altar of Ru.
  1827 | D:3      | Noticed Natasha
  1836 | D:3      | Killed Natasha
  2037 | D:3      | Gained mutation: You have a pair of small antennae on your
                  | head. [demonic ancestry]
  2037 | D:3      | Reached XP level 5. HP: 39/39 MP: 5/5
  2173 | D:3      | Noticed Natasha
  2183 | D:3      | Killed Natasha
  2184 | D:3      | Reached skill level 1 in Stealth
  2203 | D:4      | Noticed Edmund
  2226 | D:4      | HP: 1/39 [Edmund/+2 flail of holy wrath (1)]
  2226 | D:4      | Killed Edmund
  2227 | D:4      | Reached skill level 1 in Armour
  2227 | D:4      | Gained mutation: You regenerate health from kills. [demonic
                  | ancestry]
  2227 | D:4      | Reached XP level 6. HP: 1/46 MP: 6/6
  2468 | D:4      | Noticed Grinder
  2473 | D:4      | Reached skill level 5 in Polearms
  2477 | D:4      | Paralysed by Grinder for 2 turns
  2508 | D:4      | Killed Grinder
  2509 | D:4      | Reached XP level 7. HP: 20/51 MP: 7/7
  2611 | D:4      | Found a staircase to the Ecumenical Temple.
  2618 | Temple   | Entered the Ecumenical Temple
  2857 | D:4      | Reached skill level 6 in Polearms
  3201 | D:4      | Noticed Eustachio
  3231 | D:4      | Killed Eustachio
  3649 | D:5      | Entered Level 5 of the Dungeon
  3829 | D:5      | Gained mutation: Your touch may inflict minor irresistible
                  | damage on your foes. [demonic ancestry]
  3829 | D:5      | Reached XP level 8. HP: 37/58 MP: 8/8
  3904 | D:5      | Found a sparkling altar of Nemelex Xobeh.
  4577 | D:5      | Found an iron altar of Okawaru.
  4580 | D:5      | Became a worshipper of Warmaster Okawaru
  4791 | D:6      | Found a shimmering blue altar of Sif Muna.
  4887 | D:6      | Reached skill level 7 in Polearms
  5051 | D:5      | Reached * piety under Okawaru
  5596 | D:5      | Reached skill level 5 in Shields
  5663 | D:5      | Reached XP level 9. HP: 37/65 MP: 9/9
  5957 | D:6      | Reached ** piety under Okawaru
  6165 | D:7      | Reached skill level 8 in Polearms
  6340 | D:7      | You fall into a shaft and drop 3 floors!
  6340 | D:10     | Entered Level 10 of the Dungeon
  6402 | D:9      | Found an ornate altar of the Wu Jian Council.
  6415 | D:9      | Noticed a troll
  6429 | D:9      | Killed a troll
  6658 | D:9      | Found a shimmering altar of Xom.
  6659 | D:9      | Found a shimmering altar of Xom.
  6660 | D:9      | Found a shimmering altar of Xom.
  6661 | D:9      | Found a shimmering altar of Xom.
  6836 | D:8      | Found Gozag's Platinum Reserve.
  6836 | D:8      | Found an opulent altar of Gozag.
  6860 | D:8      | Reached *** piety under Okawaru
  6916 | D:8      | Noticed Erica
  6932 | D:8      | Killed Erica
  6933 | D:8      | Reached skill level 9 in Polearms
  6933 | D:8      | Reached XP level 10. HP: 73/73 MP: 10/10
  7007 | D:8      | Found Huiplast's General Store.
  7158 | D:8      | Found a staircase to the Lair.
  7194 | D:8      | Noticed a two-headed ogre
  7195 | D:8      | Found a large runed translucent door.
  7213 | D:8      | Killed a two-headed ogre
  7213 | D:8      | Reached **** piety under Okawaru
  7214 | D:8      | Reached skill level 5 in Armour
  7296 | D:8      | Found a large runed translucent door.
  7299 | D:8      | Noticed Darkkill's ghost (novice MiHu)
  7672 | D:8      | Reached skill level 5 in Fighting
  8269 | Lair:1   | Entered Level 1 of the Lair of Beasts
  8284 | Lair:1   | Received a gift from Okawaru
  8285 | Lair:1   | Reached skill level 10 in Polearms
  8414 | Lair:1   | Reached skill level 5 in Dodging
  8559 | Lair:1   | Noticed a cane toad
  8571 | Lair:1   | Killed a cane toad
  8948 | Lair:1   | Noticed a cane toad
  8968 | Lair:1   | Killed a cane toad
  9048 | Lair:1   | Received a gift from Okawaru
  9060 | Lair:1   | Gained mutation: You sometimes gain a little power by
                  | taking damage. [demonic ancestry]
  9060 | Lair:1   | Reached XP level 11. HP: 35/80 MP: 11/11
  9383 | Lair:1   | Reached skill level 11 in Polearms
  9397 | Lair:1   | Reached ***** piety under Okawaru
  9682 | Lair:1   | Found a runed translucent door.
  9682 | Lair:1   | Found a shimmering altar of Xom.
  9682 | Lair:1   | Noticed Zonian's ghost (journeyman VSBr)
  9682 | Lair:1   | Noticed a +2 flail of chaos
 10441 | D:9      | Reached skill level 1 in Invocations
 10442 | D:9      | Found a staircase to the Orcish Mines.
 10462 | D:9      | Found Mirugigh's Antique Weapon Emporium.
 11408 | D:10     | Noticed a two-headed ogre
 11434 | D:10     | Killed a two-headed ogre
 11820 | D:11     | Noticed a two-headed ogre
 11829 | D:11     | Killed a two-headed ogre
 11969 | D:11     | Slain by a vampire

Illustrated notes

Levels and vault maps discovered:
D:1:      denvon_arrival_planthouse, layout_loops_ring,
          hellmonk_ecumenical_altar_lost_god, minmay_domino_2
D:2:      layout_loops_ring, uniq_jessica
D:3:      layout_loops_cross, nicolae_ru_the_path_less_chosen, serial_shops,
          nicolae_shop_window_shopping, uniq_crazy_yiuf_cottage, uniq_natasha
D:4:      minmay_bubble_buster, layout_basic, minmay_temple_entry_slanted,
          grunt_ministairs_15, uniq_edmund, uniq_eustachio, uniq_grinder
D:5:      layout_basic, kennysheep_mini_moat, nemelex_dance_club_becter
D:6:      layout_cave_pools, mainiacjoe_overflow_alcove_1
D:7:      layout_loops_ring, minitemple
D:8:      layout_layer_cave, nicolae_gozag_zags_fifth_avenue, lair_entry_dummy,
          ebering_ghost_disaster_area, serial_shops, nicolae_shop_stone,
          uniq_erica
D:9:      layout_roguey, lemuel_crystal_altar, xom_redecorated,
          hiddenorc2_lemuel, serial_shops, nicolae_shop_behind_doors
D:10:     layout_irregular_city
D:11:     layout_gridville
Temple:   nicolae_temple_no_exploring_needed
Lair:1:   layout_chaotic_city, ebering_ghost_xom, infiniplex_staircase_pool,
          lemuel_fruit_tree

Skill      XL: |  1  2  3  4  5  6  7  8  9 10 11 |
---------------+----------------------------------+-----
Polearms       | 3 4 5 6 7 9 10 11 | 11.7
Shields        | 1 2 3 5 7 8 |  8.0
Dodging        | 3 4 5 |  5.7
Stealth        | 1 2 3 |  3.0
Armour         | 1 2 3 4 5 |  5.0
Fighting       | 3 4 5 6 |  6.4
Invocations    | 2 |  2.8
Throwing       | |  1.7

Action                   |  1- 3 |  4- 6 |  7- 9 | 10-12 || total
-------------------------+-------+-------+-------+-------++-------
Melee: Trident           |    68 |       |       |       ||    68
       Spear             |    26 |    78 |   362 |   583 ||  1049
       Kick              |       |    19 |     1 |       ||    20
  Use: Scroll            |       |       |       |    12 ||    12
 Stab: Sleeping          |     5 |       |     8 |     5 ||    18
Armor: Leather armour    |    17 |    10 |     9 |       ||    36
       Ring mail         |       |       |    56 |    39 ||    95
       Steam dragon scal |       |       |       |    28 ||    28
Dodge: Dodged            |    36 |    16 |    84 |    88 ||   224
Block: Kite shield       |    17 |    20 |   195 |   251 ||   483
       Reflection        |       |       |    12 |       ||    12

Table legend: (Time is in decaauts)
 A = Elapsed time spent in this place.
 B = Non-inter-level travel time spent in this place.
 C = Inter-level travel time spent in this place.
 D = Time resting spent in this place.
 E = Time spent auto-exploring this place.
 F = Levels seen in this place.
 G = Mean time per level.
                   A        B        C        D        E       F      G
               +--------+--------+--------+--------+--------+-----+--------+
         Total |  11807 |  10776 |   1031 |   1882 |   6506 |  13 |  908.2 |
       Dungeon |  10100 |   9140 |    960 |   1393 |   5684 |  11 |  918.2 |
        Temple |      1 |      1 |      0 |      0 |      0 |   1 |    1.0 |
          Lair |   1705 |   1634 |     71 |    489 |    822 |   1 | 1705.0 |
               +--------+--------+--------+--------+--------+-----+--------+

Top non-repeatable levels by time:
  Lair:1: 1705 daAuts
     D:8: 1665 daAuts
     D:4: 1570 daAuts
     D:5: 1545 daAuts
     D:9: 1059 daAuts
    D:10: 846 daAuts
     D:6: 788 daAuts
     D:1: 785 daAuts
     D:3: 775 daAuts
     D:2: 668 daAuts
     D:7: 226 daAuts
    D:11: 168 daAuts
  Temple: 1 daAuts
